Match 28033865
Unlisted

Match 28033865
End
Selects Italian Combined Arms Battlegroup
Selects Bersaglieri Squad
Bersaglieri Squad
Panzergrenadier Squad
Panzergrenadier Squad
Bersaglieri Squad
Construct Light Support Kompanie
Fire Support Elements
Flakvierling Half-track
Panzerjäger Mechanized Group
Selects Bersaglieri Bolster
Pak 38 Anti-tank Gun Team
2.5-tonne Medical Truck
Construct Panzerarmee Kommand
Selects Semovente da 75/18 Assault Gun
Selects Strafing Run
Strafing Run
Strafing Run
Panzer III L Medium Tank
Panzer III L Medium Tank
Emergency Repair Kits
Selects Artillery Cover
Panzer III L Medium Tank
Soud
Sauzer88
mendaciouspolyglot
Nashorn101
0
0

Comments sign in to comment!

No comments posted yet!